 Dungeon Crawl Stone Soup version 0.28.0-62-gf88900778d (webtiles) character file.

Game seed: 4985047241051728660

9369930 comborobin the Sensei (level 27, 220/220 HPs)
             Began as a Djinni Warper on Mar 23, 2022.
             Was the Champion of Cheibriados.
             Escaped with the Orb
             ... and 10 runes on Nov 11, 2023!
             The game lasted 05:45:07 (76760 turns).

comborobin the Sensei (Djinni Warper)              Turns: 76760, Time: 05:45:07

Health: 220/220    AC: 18    Str: 31    XL:     27
Gold:   7959       EV: 52    Int: 39    God:    Cheibriados [******] SH: 30 Dex: 43

rFire   + + +      SeeInvis +     - Unarmed
rCold   + + +      Faith    .   Y - +1 tower shield {rN+}
rNeg    + + .      Spirit   .   a - +4 skin of Zhor {*Englaciate rC+++ SInv}
rPois   ∞          Reflect  .   g - +2 helmet "Voejyneu" {rElec Regen+ Int-5 Dex+8}
rElec   +          Harm     .   m - +2 cloak of Optimism {rF+ Regen+ Str-5 Stlth+}
rCorr   +          Rampage  .   B - +2 pair of gloves {Dex+3}
Will    +++..                   (boots unavailable)
Stlth   +++.......              S - amulet "Huckon" {Acrobat Int+10 Stlth+}
HPRegen 2.06/turn               E - ring of Eternal Harmony {rC+++ rN+ Str+6 Int-3 Dex+3}
MPRegen 0.00/turn               h - ring "Woubb" {Will+ rCorr Str+3}

@: flying, very slow
A: sickness immunity, fire resistance 3, cold vulnerability 1, float, innate
caster, HP casting, extra vitality 1, clumsy 2, mutation resistance 1, wild
magic 1, inability to read while threatened, MP-powered wands
0: Orb of Zot
}: 10/15 runes: decaying, slimy, silver, abyssal, demonic, glowing, magical,
fiery, dark, gossamer
a: Renounce Religion, Bend Time, Temporal Distortion, Slouch, Step From Time


You escaped.
You worshipped Cheibriados.
Cheibriados was exalted by your worship.
You visited 14 branches of the dungeon, and saw 59 of its levels.
You visited Pandemonium 5 times, and saw 39 of its levels.
You visited the Abyss 2 times.
You also visited: Sewer and Ice Cave.

You collected 11010 gold pieces.
You spent 3051 gold pieces at shops.

Inventory:

Hand Weapons
 b - the +3 Elemental Staff {rElec rF++ rC++ AC+5}
   (You took it off a deep elf demonologist on level 3 of the Elven Halls)

   If the wielder is skilled in Evocations, they can discharge powerful blasts
   of elemental energy when striking with it.
   It enhances your fire, ice, earth and air magic.
   AC:        It affects your AC (+5).
   rF:        It greatly protects you from fire.
   rC:        It greatly protects you from cold.
   rElec:     It insulates you from electricity.
 N - a +1 demon blade of draining
Missiles
 w - 2 throwing nets
Armour
 a - the +4 skin of Zhor (worn) {*Englaciate rC+++ SInv}
   (You bought it in a shop on level 2 of the Orcish Mines)

   It radiates cold, occasionally slowing all nearby creatures who are not
   resistant to cold.
   rC:        It renders you almost immune to cold.
   SInv:      It lets you see invisible.
 g - the +2 helmet "Voejyneu" (worn) {rElec Regen+ Int-5 Dex+8}
   (You took it off Robin on level 2 of the Dungeon)

   Int:       It affects your intelligence (-5).
   Dex:       It affects your dexterity (+8).
   rElec:     It insulates you from electricity.
   Regen:     It increases your rate of health regeneration.
 m - the +2 cloak of Optimism (worn) {rF+ Regen+ Str-5 Stlth+}
   (You found it on level 1 of the Spider Nest)

   Str:       It affects your strength (-5).
   rF:        It protects you from fire.
   Regen:     It increases your rate of health regeneration.
   Stlth:     It makes you more stealthy.
 t - the +1 plate armour of the Baker {Regen+ Str-4 Int+3}
   (You bought it in a shop on level 2 of the Orcish Mines)

   Str:       It affects your strength (-4).
   Int:       It affects your intelligence (+3).
   Regen:     It increases your rate of health regeneration.
 x - a +1 kite shield of protection
 y - the +1 helmet of Pyrosism {Harm Dex+4}
   (You found it on level 5 of the Vaults)

   Dex:       It affects your dexterity (+4).
   Harm:      It increases damage dealt and taken.
 B - a +2 pair of gloves of dexterity (worn)
 G - a +1 troll leather armour {Snorg}
 Q - the +4 helmet "Niegeuxi" {rElec Dex+7}
   (You found it on level 5 of the Vaults)

   Dex:       It affects your dexterity (+7).
   rElec:     It insulates you from electricity.
 Y - a +1 tower shield of positive energy (worn)
 Z - +4 pearl dragon scales
Jewellery
 d - an amulet of faith
 h - the ring "Woubb" (right hand) {Will+ rCorr Str+3}
   (You took it off a deep elf blademaster on level 3 of the Elven Halls)

   [ring of resist corrosion]

   Str:       It affects your strength (+3).
   rCorr:     It protects you from acid and corrosion.
   Will:      It increases your willpower.
 u - the ring "Unain" {AC+4 Int+3}
   (You found it in Pandemonium)

   [ring of protection]

   AC:        It affects your AC (+4).
   Int:       It affects your intelligence (+3).
 v - the ring "Ifru" {rC+ MP+9 Dex+3}
   (You took it off a deep elf sorcerer on level 3 of the Elven Halls)

   [ring of protection from cold]

   Dex:       It affects your dexterity (+3).
   rC:        It protects you from cold.
   MP:        It affects your magic capacity (+9).
 D - the amulet "Neafac" {rF+ Regen+ Int+2}
   (You found it in Pandemonium)

   [amulet of regeneration]

   Int:       It affects your intelligence (+2).
   rF:        It protects you from fire.
   Regen:     It increases your rate of health regeneration.
 E - the ring of Eternal Harmony (left hand) {rC+++ rN+ Str+6 Int-3 Dex+3}
   (You found it on level 5 of the Pits of Slime)

   [ring of strength]

   Str:       It affects your strength (+6).
   Int:       It affects your intelligence (-3).
   Dex:       It affects your dexterity (+3).
   rC:        It renders you almost immune to cold.
   rN:        It protects you from negative energy.
 I - the amulet "Ribix" {Regen+ Dex+6}
   (You found it on level 3 of the Lair of Beasts)

   [amulet of regeneration]

   Dex:       It affects your dexterity (+6).
   Regen:     It increases your rate of health regeneration.
 O - the amulet of Jynim {Acrobat rC++ Stlth+}
   (You found it on level 4 of the Realm of Zot)

   [amulet of the acrobat]

   It increases your evasion while moving and waiting.
   rC:        It greatly protects you from cold.
   Stlth:     It makes you more stealthy.
 S - the amulet "Huckon" (around neck) {Acrobat Int+10 Stlth+}
   (You found it on level 5 of the Pits of Slime)

   [amulet of the acrobat]

   It increases your evasion while moving and waiting.
   Int:       It affects your intelligence (+10).
   Stlth:     It makes you more stealthy.
Wands
 c - a wand of acid (32)
 p - a wand of iceblast (76)
 K - a wand of digging (27)
 L - a wand of mindburst (56)
 U - a wand of paralysis (29)
 W - a wand of flame (54)
Scrolls
 e - 2 scrolls of brand weapon
 f - 14 scrolls of vulnerability
 j - 31 scrolls of teleportation
 l - 2 scrolls of magic mapping
 o - 8 scrolls of blinking
 r - 9 scrolls of fog
 F - 7 scrolls of immolation
 J - 3 scrolls of silence
 T - 2 scrolls of summoning
 V - 11 scrolls of fear
 X - 4 scrolls of holy word
Potions
 i - 25 potions of curing
 k - 9 potions of heal wounds
 q - 18 potions of attraction
 s - 3 potions of brilliance
 z - 5 potions of lignification
 A - 10 potions of might
 C - 9 potions of cancellation
 H - 2 potions of ambrosia
 M - 5 potions of invisibility
 P - 4 potions of resistance
Miscellaneous
 n - a condenser vane


   Skills:
 - Level 24.6 Fighting
 - Level 7.2 Throwing
 - Level 17.0 Armour
 - Level 24.3 Dodging
 - Level 6.6 Stealth
 - Level 20.0 Shields
 - Level 26.9 Unarmed Combat
 * Level 23.1 Spellcasting
 - Level 16.3 Invocations


You couldn't memorise any spells.
You knew the following spells:

 Your Spells              Type           Power      Damage    Failure   Level
a - Simulacrum            Ice/Necr       69%        N/A       1%          6
b - Blink                 Tloc           100%       N/A       1%          2
e - Stone Arrow           Conj/Erth      100%       3d13      1%          3
f - Poisonous Vapours     Pois/Air       100%       N/A       1%          2
g - Monstrous Menagerie   Summ           69%        N/A       1%          7
h - Iskenderun's Battles  Conj           100%       2d15      1%          5
i - Disjunction           Tloc           69%        N/A       1%          8
j - Lehudib's Crystal Sp  Conj/Erth      69%        10d16     1%          8
n - Lesser Beckoning      Tloc           100%       N/A       1%          3
C - Death Channel         Necr           69%        N/A       1%          6
D - Static Discharge      Conj/Air       100%       N/A       1%          2
E - Animate Skeleton      Necr           100%       N/A       1%          1
G - Gell's Gravitas       Tloc           100%       N/A       1%          3
H - Summon Hydra          Summ           69%        N/A       1%          7
J - Teleport Other        Tloc           100%       N/A       1%          3
M - Manifold Assault      Tloc           100%       N/A       1%          5
P - Silence               Hex/Air        69%        N/A       1%          5
Q - Death's Door          Necr           69%        N/A       12%         9
Your spell library was empty.

Dungeon Overview and Level Annotations

Branches:
Dungeon (15/15)            Temple (1/1) D:6            Lair (6/6) D:10
  Swamp (4/4) Lair:2       Spider (4/4) Lair:4        Slime (5/5) Lair:6
    Orc (2/2) D:9             Elf (3/3) Orc:2        Vaults (5/5) D:13
  Crypt (3/3) Vaults:2       Tomb (0/3) Crypt:3      Depths (4/4) D:15
   Hell (visited)             Dis (0/7) Hell            Geh (0/7) Hell
    Coc (0/7) Hell            Tar (1/7) Hell            Zot (5/5) Depths:4
  Sewer (visited)           IceCv (visited)

Altars:
Ashenzari
Cheibriados
Dithmenos
Elyvilon
Fedhas
Gozag
Hepliaklqana
Kikubaaqudgha
Makhleb
Nemelex Xobeh
Okawaru
Ru
Sif Muna
Trog
Uskayaw
Vehumet
Wu Jian
Yredelemnul
Zin
Beogh
Jiyva

Shops:
D:4 *   D:14 *   Orc:2 :=[[?   Elf:1 :   Elf:2 (   Elf:3 (   Vaults:4 =
Depths:4 [

Portals:
Hell: Depths:1 Depths:2 Depths:3 Depths:4
Abyss: Depths:3
Pandemonium: Depths:1 Depths:2 Depths:3
Ziggurat: Depths:4
Trove: Elf:3 (give +8 demon blade)

Annotations:
D:14 exclusion: downstairs
Lair:3 exclusion: downstairs
Swamp:4 3 runed translucent doors, porpoise's ghost, adept DjCj
Slime:1 exclusion: downstairs
Elf:2 exclusion: 3 doors


Innate Abilities, Weirdness & Mutations

You are immune to sickness and miasma.
You are immune to poison.
Your flesh is almost immune to the effects of heat. (rF+++)
You are vulnerable to cold. (rC-)
You float through the air rather than walking.
You learn spells naturally, not from books.
Your magical power is your life essence.
You have superior vitality. (+4 MHP)
You are very clumsy. (Dex -4)
You are somewhat resistant to further mutation.
Your spells are a little harder to cast, but a little more powerful.
You sometimes lose the ability to read scrolls when taking damage.
You expend health (3 HP) to strengthen your wands.


Message History

You hit the tormentor but do no damage.
Casting: Manifold Assault (safe; 1% risk of failure)
Confirm with . or Enter, or press ? or * to list all spells.
Space momentarily warps into an impossible shape!
You squash the tormentor like an ant!!!
You kill the tormentor!
Cheibriados thoroughly appreciates the change of pace.
Casting: Manifold Assault (safe; 1% risk of failure)
Confirm with . or Enter, or press ? or * to list all spells.
You can't see any susceptible monsters within range! (Use Z to cast anyway.) Unknown command.
(D) Dungeon (T) Temple (L) Lair (S) Swamp (N) Spider Nest (M) Slime Pits (O) Orcish Mines (E) Elven Halls (V) Vaults (C) Crypt (W) Tomb (U) Depths (H) Hell (I) Dis (G) Gehenna (X) Cocytus (Y) Tartarus (Z) Zot
Where to? (Enter - D:1 @ (x,y), ? - help)
What level of the Dungeon? (default 1, ? - help) You're already here!
HP restored.
A smoke demon comes into view.
Casting: Manifold Assault (safe; 1% risk of failure)
Confirm with . or Enter, or press ? or * to list all spells.
Space momentarily warps into an impossible shape!
The smoke demon roars!
You pulverise the smoke demon!!!
You kill the smoke demon!
Cheibriados appreciates the change of pace.
(D) Dungeon (T) Temple (L) Lair (S) Swamp (N) Spider Nest (M) Slime Pits (O) Orcish Mines (E) Elven Halls (V) Vaults (C) Crypt (W) Tomb (U) Depths (H) Hell (I) Dis (G) Gehenna (X) Cocytus (Y) Tartarus (Z) Zot
Where to? (Enter - D:1 @ (x,y), ? - help)
There is an open door here.
There is an open door here.
There is a staircase leading out of the dungeon here.
Okay, then.
Unknown command.
You have escaped!

......##.#############...........
...#########.........##########..
...# ##...####'####...## #.. ...#
##.#### #...# ####.## #.. ...#
#.## #...# ##.# #.. ...#
##.########'### ####.## #..
...###.##≈..##.....###.≈##.# #..
.....#.#≈§..#.......#..≈§#.####..
...#...#§≈..'...@...'..≈≈#...##..
...###.#≈≈§.#.......#..§§#.#.....
...# #.##§..##.....###.≈##.####..
...####.########+### ####.## #..
.....##.## #...# ##.#####.#
.....###.#### #...# ####.##......
.....# ##...####'####...###......
.....# ####.......).######......
.....# ############.........#


There were no monsters in sight!

Vanquished Creatures
  Cerebov (Pan)
  the Royal Jelly (Slime:5)
  Gloorx Vloq (Pan)
  A seraph (Pan)
  Lom Lobon (Pan)
  Mnoleg (Pan)
  A dread lich (Zot:5)
  9 pandemonium lords (Pan)
  The ghost of Vihagaha the Slayer, a master DjCj of Elyvilon (Zot:4)
  2 ancient liches
  9 orbs of fire (Zot:5)
  Mennas (Pan)
  A juggernaut (Depths:2)
  5 Killer Klowns
  Xtahua (Depths:4)
  A curse toe (Zot:3)
  Saint Roka (Depths:4)
  Geryon (Hell)
  8 golden dragons
  A pearl dragon (Pan)
  4 profane servitors
  A bone dragon (Abyss:1)
  2 electric golems
  12 Tzitzimimeh
  9 Brimstone Fiends (Pan)
  A doom hound (Tar:1)
  7 Ice Fiends (Pan)
  A shard shrike skeleton (Crypt:2)
  2 Hell Sentinels
  25 Orb Guardians
  6 liches
  A walking earthen tome (Depths:2)
  14 tentacled monstrosities
  A walking frostbound tome (Depths:2)
  6 quicksilver dragons
  2 deep elf blademasters (Elf:3)
  4 titans (Vaults:5)
  2 deep elf master archers (Elf:3)
  Frances (Swamp:2)
  2 eldritch tentacles (Pan)
  2 death cobs
  15 acid blobs
  36 Executioners (Pan)
  3 ancient champions
  8 sphinxes
  9 storm dragons
  7 shadow dragons
  2 draconian monks
  4 tengu reavers
  13 azure jellies (Slime:5)
  Donald (Swamp:2)
  6 revenants
  13 daevas (Pan)
  Roxanne (Swamp:2)
  10 fire giants
  10 demonspawn warmongers (Pan)
  A caustic shrike zombie (Crypt:3)
  15 frost giants
  3 draconian knights
  2 iron dragons (Depths:2)
  8 rockslimes
  6 draconian scorchers
  2 emperor scorpions
  5 deep elf sorcerers
  16 vault wardens
  22 balrugs
  Aizul (Swamp:1)
  An orc warlord (Vaults:3)
  3 ghouls
  23 angels (Pan)
  5 draconian shifters
  28 cacodemons
  3 draconian stormcallers
  3 curse skulls
  A deep elf elementalist (Elf:2)
  20 reapers
  3 ghost moths
  10 quicksilver oozes
  The ghost of tizbic2 the Frost Mage, a journeyman DgIE (Spider:1)
  3 war gargoyles
  7 spriggan defenders
  26 stone giants
  3 ironbound thunderhulks
  6 demonspawn corrupters (Pan)
  22 very ugly things
  18 ironbound preservers
  A juggernaut skeleton (Pan)
  3 eleionomae (Swamp:1)
  17 apis (Pan)
  11 draconian annihilators
  15 ophanim (Pan)
  2 broodmothers
  8 vampire knights
  10 green draconians
  10 demonspawn blood saints (Pan)
  7 demonspawn black suns (Pan)
  7 starcursed masses
  11 entropy weavers
  6 black draconians
  9 bunyips
  5 deep elf demonologists (Elf:3)
  21 lorocyprocas
  2 putrid mouths (Tar:1)
  13 deep elf annihilators
  7 purple draconians
  7 yellow draconians
  13 dire elephants
  2 pale draconians (Depths:4)
  20 spark wasps
  5 white draconians
  3 eidola
  5 red draconians
  A crystal guardian (Hell)
  24 green deaths
  2 iron golems (Depths:3)
  Snorg (D:10)
  A mummy priest (Crypt:3)
  17 ettins
  9 deep elf death magi
  30 blizzard demons
  33 vault guards
  16 fire dragons
  A kraken zombie (Hell)
  12 yaktaur captains
  A spectral spriggan (Tar:1)
  3 deep elf high priests
  4 jiangshi
  27 hydras
  10 great orbs of eyes
  A juggernaut simulacrum (Pan)
  12 rakshasas
  8 boulder beetles
  7 ice dragons
  7 spriggan air magi
  6 ironbound frosthearts
  7 centaur warriors
  A shambling mangrove (Swamp:4)
  A jorogumo (shapeshifter) (Vaults:4)
  2 jorogumos (Spider:3)
  3 radroaches
  A spriggan skeleton (Pan)
  2 ogre magi
  3 fenstrider witch skeletons (Pan)
  2 death knights (Crypt:1)
  7 hell beasts
  An alligator (shapeshifter) (Depths:2)
  5 catoblepae
  9 two-headed ogres
  10 alligators
  4 ghost crabs
  6 tengu warriors
  21 dancing weapons
  A spectral stone giant (Tar:1)
  11 deep troll shamans
  5 death yaks (Lair:6)
  A titan zombie (Crypt:3)
  11 deep troll earth magi
  2 spectral nagas (Tar:1)
  6 holy swine (Pan)
  7 vampire magi
  12 spriggan berserkers
  5 hell hogs
  8 thrashing horrors
  A spectral dire elephant (Tar:1)
  Sonja (Lair:3)
  Nergalle (Lair:3)
  13 hell knights
  40 sixfirhies
  28 soul eaters
  4 titan skeletons
  A fire crab (Abyss:5)
  79 sun demons
  8 wretched stars
  2 crystal echidnas (Hell)
  4 sun moths
  13 deep elf knights
  2 spectral bunyips (Tar:1)
  A golden dragon zombie (Crypt:1)
  5 pharaoh ants
  A salamander mystic (Depths:4)
  2 anaconda zombies
  7 shadow wraiths
  An iron giant zombie (Crypt:3)
  11 iron trolls
  12 skeletal warriors
  12 cherubim (Pan)
  A goliath frog (Swamp:2)
  A spectral anaconda (Tar:1)
  3 spriggan druids
  6 spatial maelstroms
  6 orb spiders
  4 steelbarb worms
  62 deep trolls
  A glowing orange brain (shapeshifter) (Depths:2)
  An orange crystal statue (Vaults:2)
  9 swamp dragons
  A steelbarb worm (shapeshifter) (D:15)
  15 wizards
  3 bog bodies
  8 deep elf archers
  15 flayed ghosts
  8 shadow demons (Pan)
  16 ironbound convokers
  2 anaconda skeletons
  6 glowing orange brains
  8 harpies
  2 shadow dragon zombies
  20 phantasmal warriors
  28 deep elf pyromancers
  4 bunyip skeletons
  4 lindwurms
  3 orc knights (Vaults:3)
  2 wolf spiders (shapeshifter)
  10 orc sorcerers (Orc:2)
  15 shining eyes
  33 deep elf zephyrmancers
  5 necromancers
  A moth of wrath (shapeshifter) (Vaults:5)
  16 wolf spiders
  A stone giant zombie (D:15)
  A will-o-the-wisp (Abyss:5)
  25 moths of wrath
  26 ugly things
  A stone giant skeleton (Pan)
  2 salamanders (Depths:4)
  A salamander (shapeshifter) (D:15)
  12 manticores
  A guardian serpent (shapeshifter) (D:14)
  8 cyclopes
  5 worldbinders
  A black mamba (shapeshifter) (Abyss:4)
  A water nymph (shapeshifter) (D:14)
  74 smoke demons
  13 elephants
  11 eyes of devastation
  13 vault sentinels
  A frost giant skeleton (D:15)
  5 fire giant skeletons (Crypt:3)
  8 rust devils
  Joseph (D:8)
  An apocalypse crab (Abyss:4)
  7 black mambas
  Maggie (D:9)
  A molten gargoyle (Hell)
  4 torpor snails
  8 ice statues
  5 gargoyles
  10 hellions (Pan)
  26 orange demons
  16 cane toads
  An iron troll zombie (Crypt:1)
  A black draconian zombie (Crypt:2)
  12 ice devils
  6 rime drakes
  3 unseen horrors
  A human zombie (Vaults:3)
  2 dire elephant skeletons (Pan)
  A pale draconian zombie (Crypt:1)
  2 alligator snapping turtle skeletons
  2 entropy weaver simulacra (IceCv)
  A kobold demonologist (Depths:3)
  22 demonic crawlers
  13 efreet
  16 komodo dragons
  A red draconian zombie (Crypt:2)
  44 yaktaurs
  11 freezing wraiths
  A komodo dragon (shapeshifter) (Depths:3)
  A tengu conjurer (Depths:1)
  A sea snake skeleton (Hell)
  24 hellwings
  3 hydra zombies (Hell)
  9 ancient zymes
  11 red devils
  17 tormentors
  2 polar bears
  A silent spectre (Abyss:4)
  18 meliai
  15 hornets
  9 trolls
  121 slime creatures
  A slime creature (shapeshifter) (Depths:3)
  12 tyrant leeches
  A blink frog (shapeshifter) (Vaults:5)
  11 blink frogs
  13 raiju
  A harpy skeleton (Pan)
  36 tarantellas
  An alligator zombie (Hell)
  An air elemental (Elf:3)
  24 culicivoras
  A culicivora (shapeshifter) (Elf:1)
  4 flying skulls (Crypt:1)
  28 jumping spiders
  A dire elephant simulacrum (IceCv)
  11 fire dragon skeletons (Crypt:3)
  15 spriggans
  A human (shapeshifter) (D:12)
  7 vampires
  33 yaks
  4 shadows (Crypt:3)
  50 ynoxinuls
  9 water elementals
  14 wraiths
  9 wyverns
  2 fire elementals
  A nameless horror (D:15)
  4 hogs (Lair:6)
  2 fire bats (Depths:1)
  4 golden eyes
  A basilisk (D:10)
  4 vampire mosquitoes (D:10)
  7 steam dragons
  39 redbacks
  13 swamp worms
  A human simulacrum (Vaults:3)
  35 chaos spawn
  A redback (shapeshifter) (Depths:2)
  62 large abominations
  8 spatial vortices
  33 neqoxecs
  A yaktaur simulacrum (Vaults:3)
  2 wargs
  2 harpy simulacra (IceCv)
  10 hell hounds
  2 death yak simulacra (IceCv)
  A hydra simulacrum (Hell)
  3 acid dragons
  A naga skeleton (Crypt:3)
  5 floating eyes
  17 water moccasins
  18 orc warriors
  12 swamp drakes
  A meliai simulacrum (D:14)
  2 ice beasts
  3 black bears
  A demonspawn skeleton (Crypt:2)
  5 necrophages
  8 small abominations
  7 ogres
  18 wolves
  A phantom (D:5)
  6 centaurs
  4 kobold brigands
  A swamp dragon skeleton (Pan)
  A salamander zombie (Crypt:1)
  11 earth elementals
  2 scorpions
  11 bullfrogs
  2 gnoll sergeants
  3 two-headed ogre simulacra (IceCv)
  A cane toad simulacrum (IceCv)
  2 wyvern zombies (D:7)
  An elephant simulacrum (IceCv)
  3 killer bees (D:9)
  3 howler monkeys
  6 electric eels
  A crimson imp (Spider:4)
  A lava snake (D:15)
  5 centaur zombies
  A jelly (D:5)
  A bullfrog zombie (D:5)
  18 orc priests
  A centaur skeleton (D:5)
  2 hounds
  3 iron imps
  4 bullfrog skeletons
  3 gnoll shamans
  A black bear skeleton (Crypt:2)
  12 iguanas
  A merfolk siren (Sewer)
  33 orc wizards
  5 spriggan simulacra
  7 hell rats (Hell)
  3 polar bear simulacra (IceCv)
  5 troll simulacra (IceCv)
  A merfolk avatar (Sewer)
  A wolf simulacrum (IceCv)
  An acid dragon skeleton (Crypt:2)
  Robin (D:2)
  21 gnolls
  5 naga simulacra (IceCv)
  8 adders
  3 river rats (Sewer)
  12 white imps
  7 ufetubi
  2 worms
  2 dart slugs
  73 orcs
  2 endoplasms (D:1)
  8 giant cockroaches
  18 goblins
  4 hobgoblins
  5 jackals (D:1)
  9 quokkas
  10 ball pythons
  5 bats
  25 frilled lizards
  10 kobolds
  A kobold zombie (Crypt:1)
  A quokka zombie (Crypt:1)
  20 rats
  A butterfly (Swamp:3)
  5 fire vortices (Pan)
  2 lurking horrors (Abyss:4)
  A tentacle (Hell)
3448 creatures vanquished.

Vanquished Creatures (collateral kills)
  A pandemonium lord (Pan)
  A Killer Klown (Zot:5)
  the Lernaean hydra (Swamp:4)
  A Tzitzimitl (Pan)
  An electric golem (Zot:5)
  3 tentacled monstrosities
  2 Hell Sentinels (Pan)
  A quicksilver dragon (Zot:5)
  6 Orb Guardians
  A titan (Zot:1)
  2 Executioners (Pan)
  A sphinx (Vaults:5)
  A draconian monk (Zot:3)
  3 frost giants
  3 emperor scorpions (Spider:4)
  2 fire giants (Zot:1)
  2 ghost moths
  2 draconian shifters (Zot:4)
  3 demonspawn warmongers (Pan)
  3 cacodemons (Pan)
  2 vault wardens (Vaults:4)
  2 balrugs (Pan)
  An angel (Pan)
  A draconian stormcaller (Zot:5)
  A demonspawn blood saint (Pan)
  4 reapers (Pan)
  A stone giant (Vaults:5)
  2 very ugly things (Vaults:4)
  2 green draconians (Zot:2)
  4 apis (Pan)
  A deep elf demonologist (Elf:3)
  A lorocyproca (Zot:1)
  3 black draconians
  2 red draconians (Zot:5)
  2 entropy weavers
  2 white draconians (Zot:4)
  A dire elephant (Vaults:4)
  4 yellow draconians
  2 blizzard demons (Pan)
  A deep elf death mage (Elf:3)
  An ettin (Zot:1)
  A deep elf high priest (Vaults:5)
  2 great orbs of eyes
  2 green deaths (Pan)
  A vault guard (Vaults:4)
  2 boulder beetles
  2 hydras (Swamp:4)
  A juggernaut simulacrum (Pan)
  3 two-headed ogres (Zot:1)
  3 thrashing horrors (Abyss:5)
  A spectral dire elephant (Tar:1)
  6 sun demons (Pan)
  3 soul eaters (Pan)
  3 iron trolls (Zot:1)
  2 sun moths (Spider:4)
  2 sixfirhies (Pan)
  A pharaoh ant (Spider:4)
  5 steelbarb worms (Spider:4)
  A cherub (Pan)
  A swamp dragon (Swamp:4)
  An ironbound convoker (Vaults:4)
  A deep elf pyromancer (Vaults:5)
  2 deep elf zephyrmancers (Elf:3)
  3 wolf spiders
  A cyclops (shapeshifter) (Vaults:1)
  6 moths of wrath
  2 torpor snails (Spider:4)
  3 smoke demons (Pan)
  2 vault sentinels
  3 orange demons (Pan)
  3 demonic crawlers
  A yaktaur (Vaults:4)
  A tormentor (Pan)
  A hellwing (Pan)
  A spectral harpy (Tar:1)
  A meliai (Spider:4)
  2 ancient zymes (Abyss:5)
  3 tarantellas
  A jumping spider (Spider:3)
  2 culicivoras
  4 ynoxinuls (Pan)
  A yak (D:10)
  2 large abominations (Pan)
  A wyvern (D:10)
  6 redbacks (Spider:4)
  A chaos spawn (Pan)
  2 swamp drakes (Swamp:4)
  A howler monkey (D:7)
  A small abomination (Depths:4)
  A gnoll (D:9)
  A kobold (D:8)
  A fire vortex (Pan)
184 creatures vanquished.

Vanquished Creatures (others)
  An eldritch tentacle (Pan)
  2 pandemonium lords (Pan)
  Kirke (Lair:6)
  2 demonspawn blood saints (Pan)
  A war gargoyle (Crypt:3)
  A dire elephant (Abyss:5)
  A blizzard demon (Pan)
  A fire dragon (Depths:1)
  A moth of wrath (Zot:2)
  An orange demon (Pan)
  A hellwing (Pan)
  A slime creature (Slime:1)
  2 humans (Lair:6)
  A steam dragon (D:8)
  A spatial vortex (Abyss:5)
  An orc (D:8)
  3 ball lightnings (Pan)
  A bush (D:10)
  A demonic plant (Pan)
  63 fungi
  A lurking horror (Abyss:5)
  60 plants
  3 tentacles (Hell)
  2 withered plants (D:15)
153 creatures vanquished.

Grand Total: 3785 creatures vanquished

Notes
Turn   | Place    | Note
-------+----------+-------------------------------------------
     0 | D:1      | comborobin the Djinni Warper began the quest for the Orb.
     0 | D:1      | Reached XP level 1. HP: 18/18 MP: 0/0
   367 | D:1      | Reached XP level 2. HP: 11/23 MP: 0/0
   658 | D:1      | Reached skill level 3 in Unarmed Combat
  1327 | D:1      | Reached XP level 3. HP: 22/28 MP: 0/0
  1327 | D:1      | Learned a level 1 spell: Animate Skeleton
  1630 | D:1      | Found a faded altar of an unknown god.
  2349 | D:2      | Identified the +2 helmet "Voejyneu" {rElec Regen+ Int-5
                  | Dex+8}
  2349 | D:2      | Noticed Robin
  2373 | D:2      | Killed Robin
  2374 | D:2      | Reached skill level 4 in Unarmed Combat
  2374 | D:2      | Reached XP level 4. HP: 14/33 MP: 0/0
  3434 | D:3      | Reached XP level 5. HP: 38/38 MP: 0/0
  3434 | D:3      | Learned a level 2 spell: Poisonous Vapours
  3463 | D:3      | Found a glowing drain.
  3519 | Sewer    | Entered a sewer
  3815 | Sewer    | Reached XP level 6. HP: 44/45 MP: 0/0
  3829 | Sewer    | Reached skill level 5 in Unarmed Combat
  4179 | D:3      | Identified the +2 robe of Stained Tender Moments {MP-9
                  | Dex+4}
  4620 | D:4      | Found a hazy altar of Hepliaklqana.
  4861 | D:4      | Reached XP level 7. HP: 27/50 MP: 0/0
  4861 | D:4      | Learned a level 2 spell: Static Discharge
  5277 | D:4      | Found Wuimepsi's Assorted Antiques.
  5282 | D:4      | Bought a scroll labelled DIZXOSH DYEMET for 27 gold pieces
  5307 | D:5      | Entered Level 5 of the Dungeon
  5606 | D:5      | Reached skill level 6 in Unarmed Combat
  5606 | D:5      | Reached XP level 8. HP: 58/58 MP: 0/0
  5776 | D:5      | Reached skill level 5 in Dodging
  5909 | D:6      | Reached skill level 5 in Fighting
  5994 | D:6      | Found a staircase to the Ecumenical Temple.
  6274 | D:6      | Reached XP level 9. HP: 52/65 MP: 0/0
  6274 | D:6      | Learned a level 3 spell: Stone Arrow
  6282 | D:6      | Reached skill level 7 in Unarmed Combat
  7037 | D:6      | Found a staircase to the Ecumenical Temple.
  7350 | Temple   | Entered the Ecumenical Temple
  7415 | Temple   | Became a worshipper of Cheibriados the Contemplative
  7633 | D:7      | Reached skill level 8 in Unarmed Combat
  7868 | D:7      | Found a sacrificial altar of Ru.
  7931 | D:7      | Found a glowing silver altar of Zin.
  7941 | D:7      | Reached XP level 10. HP: 69/70 MP: 0/0
  7984 | D:7      | Found an ornate altar of the Wu Jian Council.
  8011 | D:7      | Identified the +9 quarterstaff "Atuegif" {vorpal, MP+9}
  8654 | D:8      | Identified the +4 rapier "Orb Guardian's Regret" {vorpal,
                  | Drain rN++ Str-2 Dex+8}
  8687 | D:8      | Reached * piety under Cheibriados
  8749 | D:8      | Noticed a two-headed ogre
  8754 | D:8      | Killed a two-headed ogre
  8755 | D:8      | Reached skill level 9 in Unarmed Combat
  8806 | D:8      | Noticed Joseph
  8816 | D:8      | Killed Joseph
  8817 | D:8      | Reached skill level 5 in Spellcasting
  9117 | D:8      | Reached skill level 10 in Unarmed Combat
  9147 | D:8      | Reached skill level 10 in Dodging
  9174 | D:8      | Reached skill level 1 in Invocations
  9243 | D:8      | Found a shadowy altar of Dithmenos.
  9696 | D:9      | Reached ** piety under Cheibriados
  9737 | D:9      | Reached XP level 11. HP: 48/76 MP: 0/0
  9737 | D:9      | Learned a level 5 spell: Silence
  9901 | D:9      | Found a staircase to the Orcish Mines.
 10170 | D:9      | Reached *** piety under Cheibriados
 10189 | D:9      | Noticed Maggie
 10201 | D:9      | Killed Maggie
 10275 | D:9      | Reached skill level 5 in Invocations
 10328 | D:9      | Found a white marble altar of Elyvilon.
 10690 | D:10     | Entered Level 10 of the Dungeon
 10695 | D:10     | Identified the +1 leather armour "Dasi" {Rampage Dex+7}
 10758 | D:10     | Noticed Snorg
 10809 | D:10     | Killed Snorg
 10934 | D:10     | Reached skill level 11 in Unarmed Combat
 11012 | D:10     | Found a staircase to the Lair.
 11052 | D:10     | Identified the amulet "Huis Sos" {Reflect Rampage rPois rF+
                  | SH+5}
 11160 | D:10     | Reached **** piety under Cheibriados
 11217 | D:10     | Noticed a cyclops
 11225 | D:10     | Reached XP level 12. HP: 31/85 MP: 0/0
 11434 | D:10     | Noticed an ogre mage
 11565 | D:10     | Noticed a two-headed ogre
 11700 | D:10     | Killed a two-headed ogre
 11727 | D:10     | Killed an ogre mage
 11942 | D:10     | Reached skill level 1 in Shields
 11979 | D:10     | Noticed a two-headed ogre
 11985 | D:10     | Killed a two-headed ogre
 12104 | D:11     | Noticed a two-headed ogre
 12113 | D:11     | Killed a two-headed ogre
 12114 | D:11     | Reached skill level 5 in Shields
 12156 | D:11     | Noticed a five-headed hydra
 12166 | D:11     | Killed a five-headed hydra
 12284 | D:11     | Noticed a two-headed ogre
 12292 | D:11     | Killed a two-headed ogre
 12351 | D:11     | Noticed a centaur warrior
 12375 | D:11     | Killed a centaur warrior
 12824 | D:11     | Reached skill level 10 in Shields
 12919 | D:12     | Noticed a rakshasa
 12919 | D:12     | Noticed a boulder beetle
 12935 | D:11     | Killed a boulder beetle
 13171 | D:12     | Reached XP level 13. HP: 92/92 MP: 0/0
 13171 | D:12     | Learned a level 5 spell: Iskenderun's Battlesphere
 13223 | D:12     | Noticed a boulder beetle
 13235 | D:12     | Killed a boulder beetle
 13464 | D:12     | Killed a rakshasa
 14002 | D:12     | Upgraded the game from 0.28.0-43-g3370ac3207 to
                  | 0.28.0-45-g0d030f2227
 14092 | D:13     | Noticed a catoblepas
 14111 | D:13     | Noticed a centaur warrior
 14177 | D:13     | Noticed a catoblepas
 14202 | D:12     | Killed a catoblepas
 14203 | D:12     | Reached skill level 12 in Unarmed Combat
 14326 | D:13     | Killed a catoblepas
 14468 | D:13     | Killed a centaur warrior
 14499 | D:13     | Found a gate to the Vaults.
 15101 | D:14     | Noticed a centaur warrior
 15111 | D:14     | Killed a centaur warrior
 15200 | D:15     | Entered Level 15 of the Dungeon
 15524 | D:14     | Noticed a five-headed hydra
 15536 | D:14     | Killed a one-headed hydra
 15537 | D:14     | Found Ciosurch's Gadget Gallery.
 15586 | D:15     | Reached XP level 14. HP: 100/101 MP: 0/0
 15913 | D:14     | Found an iron altar of Okawaru.
 16601 | D:15     | Reached skill level 13 in Unarmed Combat
 17261 | D:15     | Found a staircase to the Depths.
 17630 | D:15     | Reached ***** piety under Cheibriados
 18319 | Orc:1    | Entered Level 1 of the Orcish Mines
 18570 | Orc:2    | Entered Level 2 of the Orcish Mines
 18709 | Orc:2    | Found a staircase to the Elven Halls.
 18742 | Orc:2    | Found a frozen archway.
 18761 | IceCv    | Entered an ice cave
 18944 | IceCv    | Gained mutation: You are robust. (+10% HP) [potion of
                  | mutation]
 20718 | IceCv    | Noticed a reaper
 21048 | Orc:2    | Found Okephewew's Book Shoppe.
 21058 | Orc:2    | Bought a manual of Unarmed Combat for 1120 gold pieces
 21458 | Orc:2    | Reached skill level 14 in Unarmed Combat
 21555 | Orc:2    | Found Tax Kur's Jewellery Emporium.
 21672 | Orc:2    | Found Weimm's Antique Armour Shoppe.
 21858 | Orc:2    | Reached skill level 15 in Unarmed Combat
 22245 | Orc:2    | Found Esecyl's Magic Scroll Emporium.
 22305 | Orc:2    | Found Jocsim's Antique Armour Shoppe.
 22740 | Lair:1   | Entered Level 1 of the Lair of Beasts
 22847 | Lair:1   | Reached ****** piety under Cheibriados
 22856 | Lair:1   | Reached XP level 15. HP: 115/116 MP: 0/0
 22856 | Lair:1   | Learned a level 6 spell: Death Channel
 22918 | Lair:1   | Reached skill level 16 in Unarmed Combat
 23722 | Lair:1   | Reached skill level 17 in Unarmed Combat
 23936 | Lair:2   | Found a staircase to the Swamp.
 24121 | Lair:2   | Reached skill level 18 in Unarmed Combat
 24570 | Lair:3   | Identified the amulet "Ribix" {Regen+ Dex+6}
 24723 | Lair:3   | Reached skill level 10 in Fighting
 24843 | Lair:3   | Noticed Sonja
 24854 | Lair:3   | Killed Sonja
 25130 | Lair:3   | Noticed Nergalle
 25142 | Lair:3   | Killed Nergalle
 25853 | Lair:4   | Found a hole to the Spider Nest.
 26983 | Lair:6   | Entered Level 6 of the Lair of Beasts
 27171 | Lair:6   | Reached XP level 16. HP: 129/129 MP: 0/0
 27189 | Lair:6   | Noticed Kirke
 27191 | Lair:6   | Noticed a sphinx
 27201 | Lair:6   | Killed Kirke
 27447 | Lair:6   | Reached skill level 15 in Shields
 27477 | Lair:6   | Identified the +6 hand axe of Dissatisfaction {vorpal,
                  | *Rage rCorr Str+3}
 27882 | Lair:6   | Found a viscous altar of Jiyva.
 27882 | Lair:6   | Found a staircase to the Slime Pits.
 28432 | Depths:1 | Entered Level 1 of the Depths
 28432 | Depths:1 | Noticed a frost giant
 28741 | Swamp:1  | Entered Level 1 of the Swamp
 28825 | Swamp:1  | Identified the +5 trident "Zotys Nac" {venom, Str+5 Int+7}
 28941 | Swamp:1  | Reached skill level 19 in Unarmed Combat
 29634 | Swamp:2  | Noticed Frances
 29635 | Swamp:2  | Noticed Aizul
 29658 | Swamp:1  | Killed Aizul
 30042 | Swamp:2  | Killed Frances
 30062 | Swamp:2  | Noticed Donald
 30069 | Swamp:2  | Killed Donald
 30309 | Swamp:2  | Noticed Roxanne
 30336 | Swamp:2  | Killed Roxanne
 30337 | Swamp:2  | Reached XP level 17. HP: 101/138 MP: 0/0
 30337 | Swamp:2  | Learned a level 6 spell: Simulacrum
 30719 | Orc:2    | Bought the +4 skin of Zhor {*Englaciate rC+++ SInv} for
                  | 1064 gold pieces
 30719 | Orc:2    | Found the +4 skin of Zhor {*Englaciate rC+++ SInv}
 31671 | Swamp:4  | Entered Level 4 of the Swamp
 31737 | Swamp:4  | Noticed porpoise's ghost (adept DjCj)
 31737 | Swamp:4  | Noticed a thorn hunter
 31738 | Swamp:4  | Noticed a tentacled monstrosity
 31740 | Swamp:4  | Noticed a thorn hunter
 31752 | Swamp:4  | Found a runed translucent gate.
 31752 | Swamp:4  | Found a runed translucent gate.
 31754 | Swamp:4  | Found a runed translucent gate.
 32090 | Swamp:4  | Reached skill level 10 in Spellcasting
 32100 | Swamp:4  | Noticed the 27-headed Lernaean hydra
 32109 | Swamp:4  | Killed the 27-headed Lernaean hydra
 32219 | Swamp:4  | Reached skill level 20 in Unarmed Combat
 32225 | Swamp:4  | Got a decaying rune of Zot
 32716 | Elf:1    | Entered Level 1 of the Elven Halls
 32904 | Elf:1    | Reached XP level 18. HP: 113/146 MP: 0/0
 33231 | Elf:1    | Found Suocaen's Book Shop.
 33346 | Elf:1    | Found a bloodstained altar of Trog.
 33763 | Elf:1    | Reached skill level 10 in Invocations
 33863 | Elf:2    | Found Onong's Antique Weapon Shop.
 34114 | Elf:2    | Identified the +1 ring mail of Zutreut {Contam rPois
                  | Will+++ rCorr}
 34171 | Elf:2    | Found a runed translucent gate.
 34171 | Elf:2    | Found a runed translucent gate.
 34172 | Elf:2    | Found a runed translucent gate.
 34552 | Elf:3    | Entered Level 3 of the Elven Halls
 34579 | Elf:3    | Found Zeathe Uxiy's Weapon Shoppe.
 34830 | Elf:3    | Identified the ring "Ataiki Esau" {Ice Int+3}
 34830 | Elf:3    | Noticed a deep elf blademaster
 34918 | Elf:3    | Reached XP level 19. HP: 142/154 MP: 0/0
 34918 | Elf:3    | Learned a level 7 spell: Monstrous Menagerie
 35046 | Elf:3    | Identified the +1 whip of Ambiguity {pain, Str+4}
 35050 | Elf:3    | Identified the +9 quarterstaff of Peace {flame, Fragile
                  | rElec rPois Str+3}
 35102 | Elf:3    | Noticed a deep elf blademaster
 35105 | Elf:3    | Identified the ring "Woubb" {Will+ rCorr Str+3}
 35117 | Elf:3    | Killed a deep elf blademaster
 35120 | Elf:3    | Killed a deep elf blademaster
 35121 | Elf:3    | Identified the +2 great mace of Uplo {drain, *Slow Dex+2
                  | SInv}
 35121 | Elf:3    | Identified the ring "Ifru" {rC+ MP+9 Dex+3}
 35135 | Elf:3    | Noticed a Brimstone Fiend
 35138 | Elf:3    | Noticed a Hell Sentinel
 35144 | Elf:3    | Reached skill level 15 in Dodging
 35159 | Elf:3    | Got the Grimoire of the Compass
 35165 | Elf:3    | Identified the +0 pair of gloves of Liberalism {Dex+4
                  | Stlth+}
 35332 | Elf:3    | Identified the +4 scale mail of the Eternal Void {Will+}
 35415 | Elf:3    | Found a portal to a secret trove of treasure.
 36232 | Spider:1 | Entered Level 1 of the Spider Nest
 36429 | Spider:1 | Identified the +2 robe "Moajerr" {rC+}
 36456 | Spider:1 | Reached skill level 15 in Fighting
 36823 | Spider:1 | Found a runed translucent gate.
 36823 | Spider:1 | Found a runed translucent gate.
 36829 | Spider:1 | Found a runed translucent gate.
 36830 | Spider:1 | Noticed tizbic2's ghost (journeyman DgIE)
 37313 | Spider:1 | Killed tizbic2's ghost
 37464 | Spider:1 | Identified the +2 cloak of Optimism {rF+ Regen+ Str-5
                  | Stlth+}
 37465 | Spider:1 | Identified the +1 hat "Kupucuergh" {Dex+3}
 37626 | Spider:2 | Reached XP level 20. HP: 120/166 MP: 0/0
 38560 | Spider:3 | Identified a scroll of acquirement
 39445 | Spider:4 | Entered Level 4 of the Spider Nest
 39930 | Spider:4 | Got a gossamer rune of Zot
 40253 | Vaults:1 | Entered Level 1 of the Vaults
 40279 | Vaults:1 | Reached XP level 21. HP: 127/173 MP: 0/0
 40279 | Vaults:1 | Learned a level 8 spell: Disjunction
 40754 | Vaults:1 | Acquired a manual of Spellcasting
 41720 | Vaults:2 | Identified the +0 scale mail of the Sun {Contam rF+ Str+5}
 41754 | Vaults:2 | Reached skill level 15 in Spellcasting
 42010 | Vaults:2 | Identified the +6 halberd of Objectivity {venom, rElec
                  | rPois rN++ Str-4}
 42365 | Vaults:2 | Found a staircase to the Crypt.
 42368 | Crypt:1  | Entered Level 1 of the Crypt
 42559 | Crypt:1  | Upgraded the game from 0.28.0-45-g0d030f2227 to
                  | 0.28.0-47-ge53b351184
 42622 | Crypt:1  | Reached XP level 22. HP: 141/182 MP: 0/0
 43368 | Vaults:3 | Reached skill level 21 in Unarmed Combat
 44565 | Vaults:4 | Found Jeuceb's Jewellery Boutique.
 44612 | Vaults:4 | Reached skill level 22 in Unarmed Combat
 44705 | Vaults:4 | Reached XP level 23. HP: 85/192 MP: 0/0
 44705 | Vaults:4 | Learned a level 7 spell: Summon Hydra
 45425 | Vaults:5 | Entered Level 5 of the Vaults
 45499 | Vaults:4 | Reached skill level 23 in Unarmed Combat
 46079 | D:15     | Upgraded the game from 0.28.0-47-ge53b351184 to
                  | 0.28.0-49-g6dfe1f597d
 46145 | Depths:1 | Found a gateway to Hell.
 46739 | Depths:1 | Reached XP level 24. HP: 203/203 MP: 0/0
 46816 | Depths:1 | Found a one-way gate leading to the halls of Pandemonium.
 47421 | Depths:2 | Reached skill level 24 in Unarmed Combat
 48080 | Depths:2 | Noticed a juggernaut
 48101 | Depths:2 | Reached skill level 25 in Unarmed Combat
 48101 | Depths:2 | Killed a juggernaut
 48603 | Depths:3 | Noticed a golden dragon
 48612 | Depths:3 | Killed a golden dragon
 48774 | Depths:3 | Reached XP level 25. HP: 212/212 MP: 0/0
 48774 | Depths:3 | Learned a level 8 spell: Lehudib's Crystal Spear
 48970 | Depths:3 | Reached skill level 26 in Unarmed Combat
 49718 | Depths:3 | Found a one-way gate to the infinite horrors of the Abyss.
 49884 | Depths:4 | Entered Level 4 of the Depths
 49891 | Depths:4 | Noticed Xtahua
 49903 | Depths:4 | Killed Xtahua
 50074 | Depths:4 | Noticed Saint Roka
 50083 | Depths:4 | Killed Saint Roka
 50573 | Depths:4 | Found a one-way gateway to a ziggurat.
 50603 | Depths:4 | Found Juanemog's Armour Shoppe.
 50785 | Depths:4 | Found a gate to the Realm of Zot.
 51206 | Slime:1  | Entered Level 1 of the Pits of Slime
 51446 | Slime:2  | Reached XP level 26. HP: 185/220 MP: 0/0
 51771 | Slime:5  | Entered Level 5 of the Pits of Slime
 51773 | Slime:5  | Gained mutation: You are dopey. (Int -2) [a shining eye]
 51930 | Slime:5  | Noticed the Royal Jelly
 51944 | Slime:5  | Killed the Royal Jelly
 51957 | Slime:5  | Gained mutation: You are very dopey. (Int -4) [a shining
                  | eye]
 51957 | Slime:5  | Gained mutation: You are occasionally teleported next to
                  | monsters. [a shining eye]
 51967 | Slime:5  | Lost mutation: You are occasionally teleported next to
                  | monsters. [potion of mutation]
 51967 | Slime:5  | Lost mutation: You are robust. (+10% HP) [potion of
                  | mutation]
 51967 | Slime:5  | Gained mutation: Your body sometimes deteriorates upon
                  | taking damage. [potion of mutation]
 51967 | Slime:5  | Gained mutation: You are robust. (+10% HP) [potion of
                  | mutation]
 51967 | Slime:5  | Gained mutation: You are partially covered in iridescent
                  | scales. (AC +2) [potion of mutation]
 51968 | Slime:5  | Lost mutation: You are partially covered in iridescent
                  | scales. (AC +2) [potion of mutation]
 51968 | Slime:5  | Lost mutation: You are very dopey. (Int -4) [potion of
                  | mutation]
 51968 | Slime:5  | Lost mutation: You are robust. (+10% HP) [potion of
                  | mutation]
 51968 | Slime:5  | Gained mutation: You have hidden genetic potential. [potion
                  | of mutation]
 52088 | Slime:5  | Identified the ring "Qottid" {rC- rN+ rCorr Str+3 Dex+3}
 52141 | Slime:5  | Identified the amulet "Huckon" {Acrobat Int+10 Stlth+}
 52153 | Slime:5  | Identified the ring of Eternal Harmony {rC+++ rN+ Str+6
                  | Int-3 Dex+3}
 52162 | Slime:5  | Got a slimy rune of Zot
 53101 | Vaults:5 | Upgraded the game from 0.28.0-49-g6dfe1f597d to
                  | 0.28.0-62-gf88900778d
 53610 | Vaults:5 | Identified the +1 plate armour of Enormous Mirth {Dex+4}
 53613 | Vaults:5 | Identified the +10 trident "Bife Hir" {vorpal, Dex+4}
 53613 | Vaults:5 | Identified the +2 fire dragon scales of Recklessness {rF++
                  | rC- Str+2 Dex+4 SInv}
 53625 | Vaults:5 | Reached XP level 27. HP: 160/205 MP: 0/0
 53625 | Vaults:5 | Learned a level 9 spell: Death's Door
 53698 | Vaults:5 | Identified the +4 helmet "Niegeuxi" {rElec Dex+7}
 54112 | Vaults:5 | Identified the +1 helmet of Pyrosism {Harm Dex+4}
 54197 | Vaults:5 | Got a silver rune of Zot
 54333 | Vaults:5 | Identified the +4 arbalest of Mastery {freeze, rF+ Will-
                  | rCorr}
 55330 | Hell     | Entered the Vestibule of Hell
 55330 | Hell     | Noticed Geryon
 55355 | Hell     | Killed Geryon
 55619 | Hell     | Found a gateway to the ashen valley of Gehenna.
 55622 | Hell     | Gained mutation: You expend health (3 HP) to strengthen
                  | your wands. [hidden potential]
 55726 | Hell     | Found a gateway to the freezing wastes of Cocytus.
 55849 | Hell     | Found a gateway to the Iron City of Dis.
 55992 | Depths:3 | Voluntarily entered the Abyss.
 56080 | Abyss:4  | Found a corrupted altar of Lugonu.
 56719 | Abyss:4  | Found a corrupted altar of Lugonu.
 56746 | Abyss:5  | Entered Level 5 of the Abyss
 57189 | Abyss:5  | Found a corrupted altar of Lugonu.
 57304 | Abyss:5  | Found a corrupted altar of Lugonu.
 57311 | Abyss:5  | Got an abyssal rune of Zot
 57323 | Depths:3 | Escaped the Abyss
 57748 | Orc:2    | Bought a transparent plate armour for 840 gold pieces
 57748 | Orc:2    | Identified the +1 plate armour of the Baker {Regen+ Str-4
                  | Int+3} (You bought it in a shop on level 2 of the Orcish
                  | Mines)
 60112 | Crypt:3  | Entered Level 3 of the Crypt
 60354 | Crypt:3  | Reached skill level 5 in Armour
 60980 | Crypt:3  | Found a staircase to the Tomb.
 60982 | Crypt:3  | Noticed an ancient lich
 60989 | Crypt:3  | Killed an ancient lich
 61015 | Crypt:3  | Reached skill level 15 in Invocations
 61047 | Crypt:3  | Identified the +6 whip "Zeuplec" {flame, Fragile Str-3
                  | Int+6}
 61875 | Pan      | Entered Pandemonium
 62062 | Pan      | Noticed Hofabiow the pandemonium lord
 62083 | Pan      | Killed Hofabiow the pandemonium lord
 62221 | Depths:1 | Escaped Pandemonium
 62223 | Pan      | Entered Pandemonium
 62228 | Pan      | Identified the +0 cloak of Negation {Contam rC++ rCorr
                  | Dex+3}
 62452 | Pan      | Noticed Qouzod the pandemonium lord
 62468 | Pan      | Killed Qouzod the pandemonium lord
 62475 | Pan      | Lost mutation: You are dopey. (Int -2) [hidden potential]
 62475 | Pan      | Lost mutation: You have hidden genetic potential. [hidden
                  | potential expressed]
 62926 | Pan      | Found an exit through the horrors of the Abyss.
 62949 | Pan      | Reached skill level 1 in Stealth
 62980 | Pan      | Gained mutation: Armour fits poorly on your strangely
                  | shaped body. [a cacodemon]
 62984 | Pan      | Lost mutation: Your body sometimes deteriorates upon taking
                  | damage. [potion of mutation]
 62984 | Pan      | Lost mutation: Armour fits poorly on your strangely shaped
                  | body. [potion of mutation]
 62984 | Pan      | Lost mutation: You expend health (3 HP) to strengthen your
                  | wands. [potion of mutation]
 62984 | Pan      | Gained mutation: You are strong-willed. (Will+) [potion of
                  | mutation]
 63048 | Pan      | Noticed Nifyzom the pandemonium lord
 63054 | Pan      | Killed Nifyzom the pandemonium lord
 63147 | Pan      | Reached skill level 5 in Stealth
 63219 | Pan      | Got a demonic rune of Zot
 63314 | Pan      | Found a runed translucent door.
 63392 | Pan      | Noticed Jivu the pandemonium lord
 63402 | Pan      | Killed Jivu the pandemonium lord
 63450 | Pan      | Entered the realm of Gloorx Vloq.
 63676 | Pan      | Found an exit through the horrors of the Abyss.
 63831 | Pan      | Reached skill level 1 in Throwing
 64018 | Pan      | Noticed Gloorx Vloq
 64033 | Pan      | Killed Gloorx Vloq
 64058 | Pan      | Got a dark rune of Zot
 64139 | Pan      | Reached skill level 5 in Throwing
 64164 | Pan      | Noticed Ublenoeb the pandemonium lord
 64179 | Pan      | Killed Ublenoeb the pandemonium lord
 64415 | Pan      | Entered the realm of Lom Lobon.
 64849 | Pan      | Noticed Lom Lobon
 64877 | Pan      | Killed Lom Lobon
 64888 | Pan      | Got a magical rune of Zot
 65051 | Pan      | Entered the realm of Mnoleg.
 65051 | Pan      | Noticed Mennas
 65093 | Pan      | Killed Mennas
 65141 | Pan      | Found an exit through the horrors of the Abyss.
 65221 | Pan      | Gained mutation: You tend to lose your temper in combat. [a
                  | neqoxec]
 65223 | Pan      | Lost mutation: You are strong-willed. (Will+) [potion of
                  | mutation]
 65223 | Pan      | Lost mutation: You tend to lose your temper in combat.
                  | [potion of mutation]
 65223 | Pan      | Gained mutation: You are frail. (-10% HP) [potion of
                  | mutation]
 65223 | Pan      | Gained mutation: Your body sometimes deteriorates upon
                  | taking damage. [potion of mutation]
 65509 | Pan      | Noticed Mnoleg
 65518 | Pan      | Gained mutation: You do not regenerate when monsters are
                  | visible. [Mnoleg's mutagenic touch]
 65519 | Pan      | Lost mutation: You do not regenerate when monsters are
                  | visible. [potion of mutation]
 65519 | Pan      | Lost mutation: You are frail. (-10% HP) [potion of
                  | mutation]
 65519 | Pan      | Gained mutation: Your spells are a little harder to cast,
                  | but a little more powerful. [potion of mutation]
 65519 | Pan      | Gained mutation: Your flesh is almost immune to the effects
                  | of heat. (rF+++) [potion of mutation]
 65524 | Pan      | Gained mutation: You sometimes lose the ability to read
                  | scrolls when taking damage. [Mnoleg's mutagenic touch]
 65542 | Pan      | Gained mutation: You are clumsy. (Dex -2) [a neqoxec]
 65548 | Pan      | Gained mutation: You expend health (3 HP) to strengthen
                  | your wands. [a cacodemon]
 65610 | Pan      | Lost mutation: Your body sometimes deteriorates upon taking
                  | damage. [potion of mutation]
 65610 | Pan      | Lost mutation: You expend health (3 HP) to strengthen your
                  | wands. [potion of mutation]
 65610 | Pan      | Gained mutation: You expend health (3 HP) to strengthen
                  | your wands. [potion of mutation]
 65610 | Pan      | Gained mutation: You are somewhat resistant to further
                  | mutation. [potion of mutation]
 65684 | Pan      | Killed Mnoleg
 65784 | Pan      | Identified the ring "Unain" {AC+4 Int+3}
 65823 | Pan      | Got a glowing rune of Zot
 65964 | Pan      | Entered the realm of Cerebov.
 66169 | Pan      | Found the +6 sword of Cerebov {flame}
 66169 | Pan      | Noticed Cerebov
 66192 | Pan      | Killed Cerebov
 66218 | Pan      | Identified the +1 pair of boots of the Old and Reckless
                  | {Harm rElec rPois}
 66253 | Pan      | Identified the amulet "Neafac" {rF+ Regen+ Int+2}
 66342 | Pan      | Identified the +8 flail of Midnight {spect, +Blink rC+
                  | Int-4}
 66398 | Pan      | Got a fiery rune of Zot
 66908 | Pan      | Reached skill level 10 in Armour
 67054 | Pan      | Identified the +9 plate armour "Enirefenn" {+Inv rElec
                  | Int+3}
 67054 | Pan      | Noticed a seraph
 67101 | Pan      | Killed a seraph
 67126 | Pan      | Found a glowing golden altar of the Shining One.
 67149 | Pan      | Identified the +3 trident "Hydraslayer" {vorpal, Int+3}
 67492 | Pan      | Found a glowing silver altar of Zin.
 67779 | Pan      | Found a white marble altar of Elyvilon.
 68300 | Depths:1 | Escaped Pandemonium
 69098 | Pan      | Entered Pandemonium
 69106 | Pan      | Noticed Zuj Xoxa the pandemonium lord
 69320 | Pan      | Noticed Atel the pandemonium lord
 69334 | Pan      | Killed Atel the pandemonium lord
 69598 | Pan      | Found an exit through the horrors of the Abyss.
 69743 | Pan      | Noticed Sope the pandemonium lord
 69755 | Pan      | Killed Sope the pandemonium lord
 69791 | Pan      | Found an exit through the horrors of the Abyss.
 69826 | Pan      | Found a transporter.
 70115 | Depths:1 | Escaped Pandemonium
 70117 | Pan      | Entered Pandemonium
 70169 | Pan      | Noticed Fikiel the pandemonium lord
 70176 | Pan      | Killed Fikiel the pandemonium lord
 70329 | Pan      | Found an exit through the horrors of the Abyss.
 70358 | Depths:1 | Escaped Pandemonium
 70360 | Pan      | Entered Pandemonium
 70615 | Pan      | Noticed Jyhasko the pandemonium lord
 70624 | Pan      | Killed Jyhasko the pandemonium lord
 70731 | Pan      | Found an exit through the horrors of the Abyss.
 70796 | Pan      | Gained mutation: You are very clumsy. (Dex -4) [a neqoxec]
 71121 | Pan      | Noticed Mutiqow the pandemonium lord
 71127 | Pan      | Killed Mutiqow the pandemonium lord
 71244 | Pan      | Reached skill level 15 in Armour
 71248 | Pan      | Identified the amulet of Qonamp {Faith Dex+4}
 71490 | Pan      | Noticed Evefodev the pandemonium lord
 71496 | Pan      | Killed Evefodev the pandemonium lord
 71612 | Pan      | Found an exit through the horrors of the Abyss.
 71624 | Pan      | Identified the ring "Guyliz" {Will+ Str+4}
 72316 | Pan      | Found an exit through the horrors of the Abyss.
 72435 | Pan      | Noticed Waduq the pandemonium lord
 72456 | Pan      | Identified the +9 morningstar "Jelly's Foe" {freeze, rC++
                  | Int+3}
 72460 | Pan      | Killed Waduq the pandemonium lord
 72675 | Pan      | Took an exit into the Abyss.
 72675 | Abyss:1  | Escaped into the Abyss
 72748 | Depths:1 | Escaped the Abyss
 72811 | Hell     | Found a gateway to the decaying netherworld of Tartarus.
 72831 | Tar:1    | Entered Level 1 of Tartarus
 73176 | Zot:1    | Entered Level 1 of the Realm of Zot
 73841 | Zot:2    | Noticed a Killer Klown
 73850 | Zot:2    | Killed a Killer Klown
 74024 | Zot:4    | Found a runed translucent door.
 74025 | Zot:4    | Noticed Vihagaha's ghost (master DjCj)
 74208 | Zot:5    | Entered Level 5 of the Realm of Zot
 74231 | Zot:5    | Noticed a Killer Klown
 74233 | Zot:5    | Noticed a Killer Klown
 74241 | Zot:5    | Killed a Killer Klown
 74249 | Zot:5    | Killed a Killer Klown
 74509 | Zot:4    | Killed Vihagaha's ghost
 74516 | Zot:4    | Identified the amulet of Jynim {Acrobat rC++ Stlth+}
 75217 | Zot:5    | Noticed a Killer Klown
 75223 | Zot:5    | Killed a Killer Klown
 75246 | Zot:5    | Noticed an orb of fire
 75249 | Zot:5    | Killed an orb of fire
 75365 | Zot:5    | Noticed an orb of fire
 75372 | Zot:5    | Killed an orb of fire
 75382 | Zot:5    | Noticed an orb of fire
 75384 | Zot:5    | Killed an orb of fire
 75421 | Zot:5    | Noticed an orb of fire
 75436 | Zot:5    | Killed an orb of fire
 75510 | Zot:5    | Noticed a Killer Klown
 75521 | Zot:5    | Killed a Killer Klown
 75617 | Zot:5    | Noticed an orb of fire
 75619 | Zot:5    | Noticed an orb of fire
 75619 | Zot:5    | Noticed an orb of fire
 75771 | Zot:5    | Noticed an orb of fire
 75774 | Zot:5    | Killed an orb of fire
 75776 | Zot:5    | Killed an orb of fire
 75782 | Zot:5    | Killed an orb of fire
 75836 | Zot:5    | Noticed an ancient lich
 75850 | Zot:5    | Killed an ancient lich
 75855 | Zot:5    | Noticed a Killer Klown
 75857 | Zot:5    | Killed a Killer Klown
 75872 | Zot:5    | Noticed a dread lich
 75875 | Zot:5    | Killed an orb of fire
 75878 | Zot:5    | Killed a dread lich
 75959 | Zot:5    | Noticed an orb of fire
 75962 | Zot:5    | Killed an orb of fire
 75988 | Zot:5    | Got the Orb of Zot
 76235 | Depths:4 | Noticed Qaonae Feosi the pandemonium lord
 76308 | Depths:2 | Noticed a seraph
 76760 | D:$      | Escaped with the Orb!

Illustrated notes

Levels and vault maps discovered:
D:1:      dpeg_arrival_another_circle, layout_basic,
          shapermc_ecumenical_altar_mp_highgroup, kennysheep_pointless_box
D:2:      layout_basic, basic_altar, uniq_robin
D:3:      minmay_recursive_quarters, layout_rooms, gup_sewer_entry_glass,
          serial_glass, glass_columns_a, glass_columns_a,
          minmay_misc_feat_secret_circle
D:4:      layout_cave_pools, mainiacjoe_overflow_catwalk, serial_shops,
          kennysheep_little_box
D:5:      layout_rooms, minmay_misc_feat_more_columns
D:6:      kennysheep_steamy, layout_loops_ring, minmay_temple_entry_glass
D:7:      layout_cave_pods, mainiacjoe_overflow_concentric_impassable,
          lemuel_doored_altar, nicolae_wu_jian_glorious_leap
D:8:      layout_cave_pods, grunt_dithmenos_smoke_and_mirrors,
          minmay_starry_boxes, uniq_joseph
D:9:      layout_roguey, nicolae_overflow_crystal_walls, erik_orc_1, uniq_maggie
D:10:     minmay_clustersquares, layout_basic, minmay_lair_entry_grove,
          minmay_misc_feat_enclosed, minmay_microvault, uniq_snorg
D:11:     minmay_distorted_concentric_squares, layout_irregular_city
D:12:     layout_loops_ring, hangedman_decor_slide_cut,
          nicolae_straight_to_the_point
D:13:     layout_big_octagon, david_vaults_4
D:14:     layout_basic, okawaru_metal_pillars_1_2, nicolae_shop_gadgets
D:15:     gammafunk_depths_entry_grave, layout_loops_ring, kennysheep_crisscross
Temple:   eino_temple_scatter_basement
Lair:1:   layout_small_grid, grunt_megastairs_5, lemuel_fruit_fields
Lair:2:   layout_misc_corridors, swamp_mist, grunt_megastairs_3
Lair:3:   layout_cave_pods, grunt_forest_stairs_clearing, serial_bayou_shore_b,
          uniq_nergalle, uniq_sonja
Lair:4:   lemuel_reptile_caves, layout_misc_corridors, spider_nest_entry_a
Lair:5:   layout_loops_ring
Lair:6:   grunt_lair_end_beastmaster, layout_misc_corridors,
          dpeg_slime_entry_enclosed_altar, serial_bayou_shore_b, uniq_kirke
Swamp:1:  layout_falls_marsh, evilmike_swamp_ruin_rubble_2,
          nicolae_swamp_little_tower
Swamp:2:  layout_falls_marsh, nicolae_swamp_ascending_descending, uniq_roxanne,
          uniq_aizul, uniq_frances, uniq_donald
Swamp:3:  layout_basic_swamp, nicolae_swamp_small_spring, swamp_pool5,
          nicolae_swamp_frolicking_bunyips
Swamp:4:  swamp_old_school, layout_basic_swamp, gammafunk_ghost_split,
          swamp_pool3
Spider:1: layout_spider_delve, gammafunk_ghost_tricky_traps,
          nicolae_spider_some_kinda_spiderbox
Spider:2: layout_spider_delve
Spider:3: layout_cave_pods, nicolae_spider_bzzzt
Spider:4: hellmonk_spider_rune_bug_friends, nicolae_crawler_farm
Slime:1:  layout_caves
Slime:2:  layout_caves
Slime:3:  layout_caves
Slime:4:  layout_caves
Slime:5
Orc:1:    nicolae_orc_accident_2, layout_diamond_mine, basic_altar
Orc:2:    kennysheep_orc_mage_school, layout_caves,
          portal_ice_cave_entry_pillars_2, serial_shops, nicolae_shop_trees,
          basic_altar
Elf:1:    elf_arrival_002, layout_geoelf_grid, serial_shops, shop, minivault_28,
          nicolae_elf_v_pinch, grunt_ministairs_6, drop_trap,
          evilmike_spriggan_trog_shrine
Elf:2:    nicolae_elf_blades_splatter_lattice [infiniplex_blade_entry_pillars],
          layout_geoelf_grid, serial_shops, nicolae_lakefront_shop
Elf:3:    grunt_elf_hall_spiral, layout_loops_corners, serial_shops,
          nicolae_square_shop, nicolae_trove_entry_isolated
Vaults:1: v_misc_32, nicolae_vaults_little_squares_3, st_star,
          ontoclasm_vaults_fault, nicolae_vaults_shelves_hall, v_misc_33,
          vaults_mumra_minichess_inversion, v_alt_pattern_5, vaults_dpeg_cross,
          nicolae_vaults_little_squares_5, vaults_dpeg_ring,
          hangedman_vaults_restitches, ontoclasm_vaults_chip,
          layout_vaults_omnibox
Vaults:2: hangedman_vaults_capsules, nicolae_vaults_statue_guard,
          minmay_crypt_entry_simple_box, v_alt_pattern_4,
          vaults_room_grunt_arrival_checkpoint, nicolae_vaults_circle_grid_b,
          nicolae_vaults_asterisk, grunt_vaults_focal, v_misc_30,
          nicolae_vaults_mini_display_case, layout_vaults_big_room
Vaults:3: v_misc_25, v_misc_27, v_misc_28, vaults_room_large_hall,
          hangedman_vaults_pinch, v_alt_pattern_6, grunt_vaults_funnel,
          ontoclasm_vaults_gallery, v_alt_pattern_2, vaults_room_hallway,
          nicolae_vaults_little_squares_5, layout_vaults_ring, serial_glass
Vaults:4: v_misc_30, v_misc_29, vaults_mumra_chevron_long, hangedman_vaults_hat,
          nicolae_vaults_network_quincunx
          [nicolae_vaults_network_quincunx_subvault,
          nicolae_vaults_network_quincunx_subvault,
          nicolae_vaults_network_quincunx_subvault,
          nicolae_vaults_network_quincunx_subvault,
          nicolae_vaults_network_quincunx_subvault], v_pattern_3,
          hangedman_vaults_trim, v_misc_8, nicolae_vaults_little_squares_4,
          ontoclasm_vaults_pinch, layout_vaults_maze_snakey, serial_shops,
          nicolae_square_shop
Vaults:5
Crypt:1:  layout_gridlike, nicolae_crypt_small_crypt
Crypt:2:  layout_rooms, lemuel_statue_altar
Crypt:3:  quadcrypt_mu
Depths:1: nooodl_heptagram, layout_gridlike, hell_entry, rand_demon_pan_entry_7,
          dk_noncrumbling_3, lemuel_flamethrower_3
Depths:2: grunt_arcs, layout_honeycomb, grunt_pan_entry_in_and_out, hell_entry,
          grunt_decor_mini_mirrors, hangedman_cracks_in_the_wall
Depths:3: kennysheep_blocky_room, layout_gridville, marbit_kobold_abyss_entry,
          special_room [special_room_mythical_zoo], hangedman_coc_ice_floe,
          rand_demon_pan_entry_9
Depths:4: evilmike_zot_entry_gauntlet, layout_gridlike, enter_ziggurat_e,
          nicolae_hell_entry_hellmouth_sunbeams, serial_shops, shop,
          uniq_xtahua, uniq_saint_roka
Hell
Tar:1:    layout_catacombs
Zot:1:    lemuel_halls_of_wrath, layout_gridlike, lemuel_lake_of_fire
Zot:2:    gammafunk_mikee_crab_dinner, layout_misc_corridors,
          gammafunk_ghost_grave
Zot:3:    layout_onion_interference, hangedman_swamp_dais
Zot:4:    layout_misc_corridors, ebering_ghost_reflecting_pool
Zot:5:    layout_gridlike, grunt_ministairs_14

Skill      XL: |  1  2  3  4  5  6  7  8  9 10 11 12 13 14 15 16 17 18 19 20 21 22 23 24 25 26 27 |
---------------+----------------------------------------------------------------------------------+-----
Unarmed Combat | 3 4 5 6 8 10 11 12 15 18 19 20 22 23 25 26 | 26.9
Dodging        | 3 4 6 8 10 14 15 16 24 | 24.3
Fighting       | 3 4 5 7 8 9 12 13 14 15 16 17 18 19 20 24 | 24.6
Spellcasting   | 3 4 5 6 7 10 11 12 15 17 18 23 | 23.1
Invocations    | 2 7 8 10 12 13 16 | 16.3
Shields        | 11 13 15 20 | 20.0
Armour         | 3 17 | 17.0
Stealth        | 6 |  6.6
Throwing       | 7 |  7.2

Action                   |  1- 3 |  4- 6 |  7- 9 | 10-12 | 13-15 | 16-18 | 19-21 | 22-24 | 25-27 || total
-------------------------+-------+-------+-------+-------+-------+-------+-------+-------+-------++-------
Melee: Unarmed           |   122 |   276 |   231 |   466 |   706 |  1125 |  1844 |  2103 |  6766 || 13639
       Punch             |     1 |    12 |    21 |    44 |       |       |       |       |       ||    78
       Scimitar          |       |       |       |       |    17 |       |       |       |       ||    17
       Staff             |       |       |       |       |       |       |       |       |    22 ||    22
Throw: Boomerang         |       |       |     1 |       |     1 |       |       |       |       ||     2
       Throwing net      |       |       |       |       |     6 |     1 |       |       |     4 ||    11
 Cast: Animate Skeleton  |     2 |     1 |     9 |    40 |       |       |       |       |       ||    52
       Poisonous Vapours |       |    15 |    69 |    80 |   203 |    68 |    30 |     3 |       ||   468
       Static Discharge  |       |       |    25 |    35 |    79 |    19 |       |       |     1 ||   159
       Gell's Gravitas   |       |       |     1 |       |       |     9 |    15 |     4 |    51 ||    80
       Stone Arrow       |       |       |     7 |    27 |   239 |    71 |     7 |     5 |     7 ||   363
       Teleport Other    |       |       |     1 |       |    11 |       |       |       |     2 ||    14
       Blink             |       |       |       |     1 |     2 |       |     1 |    13 |    47 ||    64
       Silence           |       |       |       |     1 |     1 |       |       |       |       ||     2
       Iskenderun's Batt |       |       |       |       |     5 |       |       |       |     4 ||     9
       Manifold Assault  |       |       |       |       |     1 |   290 |   633 |   555 |  2701 ||  4180
       Lesser Beckoning  |       |       |       |       |       |     1 |     1 |       |    15 ||    17
       Simulacrum        |       |       |       |       |       |     3 |    22 |       |    18 ||    43
       Death Channel     |       |       |       |       |       |       |     3 |     4 |    80 ||    87
       Disjunction       |       |       |       |       |       |       |       |     4 |    18 ||    22
       Monstrous Menager |       |       |       |       |       |       |       |     1 |    12 ||    13
       Summon Hydra      |       |       |       |       |       |       |       |     7 |    24 ||    31
       Lehudib's Crystal |       |       |       |       |       |       |       |       |   285 ||   285
       Death's Door      |       |       |       |       |       |       |       |       |     3 ||     3
Invok: Slouch            |       |       |       |     1 |     3 |     3 |    10 |     6 |    27 ||    50
       Bend Time         |       |       |       |       |     3 |       |       |       |     2 ||     5
       Step From Time    |       |       |       |       |     1 |       |       |       |     6 ||     7
       Temporal Distorti |       |       |       |       |       |       |       |       |    29 ||    29
Evoke: Wand              |       |       |     6 |    36 |    29 |     2 |       |     2 |    24 ||    99
  Use: Potion            |     2 |       |     1 |     3 |     4 |     2 |     1 |     3 |    29 ||    45
       Scroll            |       |       |    10 |     8 |     9 |     5 |     4 |     2 |    47 ||    85
 Stab: Sleeping          |       |     1 |     4 |     1 |     4 |     3 |    11 |     3 |    17 ||    44
       Paralysed         |       |       |    16 |     5 |       |       |       |       |       ||    21
       Held in net/web   |       |       |       |       |     2 |       |       |       |    10 ||    12
       Distracted        |       |       |       |       |     5 |       |     4 |     6 |    33 ||    48
       Confused          |       |       |       |       |     1 |       |       |       |       ||     1
       Petrified         |       |       |       |       |       |     5 |       |       |       ||     5
       Petrifying        |       |       |       |       |       |     1 |       |       |       ||     1
Armor: Leather armour    |    31 |    65 |       |       |       |       |       |       |     3 ||    99
       Skin              |    11 |       |       |     5 |     3 |       |       |       |       ||    19
       Robe              |       |    17 |    64 |    31 |       |       |       |       |       ||   112
       Steam dragon scal |       |       |       |    31 |       |       |       |       |       ||    31
       Troll leather arm |       |       |       |    22 |    77 |    31 |       |       |    12 ||   142
       Chain mail        |       |       |       |       |    15 |       |       |       |       ||    15
       Animal skin       |       |       |       |       |       |    36 |    37 |    37 |   110 ||   220
       Pearl dragon scal |       |       |       |       |       |       |       |       |    11 ||    11
Dodge: Dodged            |    75 |   183 |   222 |   570 |   543 |   389 |   506 |   557 |  1664 ||  4709
Block: Kite shield       |       |       |       |    69 |   819 |   519 |   663 |   707 |  1567 ||  4344
       Tower shield      |       |       |       |       |       |       |       |       |   223 ||   223
